 Dungeon Crawl Stone Soup version 0.26.0-10-g1f06aea511 (webtiles) character file.

Game seed: 1790431174045418910

2614 Borgoz the Ruffian (level 9, -2/79 HPs)
             Began as a Ghoul Gladiator on Jan 14, 2021.
             Was a Follower of Dithmenos.
             Hit by a javelin thrown by Urug (17 damage)
             ... on level 12 of the Dungeon.
             The game lasted 00:12:12 (8829 turns).

Borgoz the Ruffian (Ghoul Gladiator)                Turns: 8829, Time: 00:12:13

Health: -2/79      AC:  7    Str: 18    XL:     9   Next: 60%
Magic:  8/8        EV: 15    Int:  3    God:    Dithmenos [*.....]
Gold:   405        SH:  5    Dex: 13    Spells: 8/8 levels left

rFire    . . .     SeeInvis .     - Unarmed
rCold    + . .     Faith    .   (no shield)
rNeg     + + +     Spirit   .   a - +0 leather armour
rPois    ∞         Reflect  +   b - +0 helmet
rElec    .         Harm     .   g - +1 cloak
rCorr    .         Rampage  .   (no gloves)
Will     .....                  (no boots)
Stlth    +.........             q - amulet of reflection
HPRegen  0.00/turn              k - ring of flight
MPRegen  0.11/turn              (no ring)

@: wreathed by umbra
A: claws 1, cold resistance 1, negative energy resistance 3, inhibited
regeneration, torment resistance, unbreathing
a: Renounce Religion, Evoke Flight


You were on level 12 of the Dungeon.
You worshipped Dithmenos.
Dithmenos was aware of your devotion.
You visited 2 branches of the dungeon, and saw 11 of its levels.

You collected 405 gold pieces.

Inventory:

Missiles
 c - a throwing net (quivered)
Armour
 a - a +0 leather armour (worn)
 b - a +0 helmet (worn)
 g - a +1 cloak (worn)
Jewellery
 k - a ring of flight (left claw)
 q - an amulet of reflection (around neck)
Wands
 h - a wand of flame (10)
Scrolls
 d - 2 scrolls of teleportation
 e - 2 scrolls of magic mapping
 f - a scroll of amnesia {unknown}
 m - a scroll of blinking
 n - 3 scrolls of remove curse
 s - a scroll of noise {unknown}
 t - a scroll of enchant armour
Potions
 j - a potion of cancellation
 l - a potion of might {unknown}
 o - 4 potions of invisibility
 p - 2 potions of mutation
 r - a potion of flight
 u - a potion of brilliance {unknown}


   Skills:
 + Level 7.3 Fighting
 - Level 1.7 Throwing
 + Level 5.6 Armour
 + Level 6.4 Dodging
 + Level 7.7 Unarmed Combat


You had 8 spell levels left.
You didn't know any spells.
Your spell library contained the following spells:

 Spells                   Type           Power        Failure   Level
 Corona                   Hex            0%           56%         1
 Slow                     Hex            0%           71%         2
 Inner Flame              Hex/Fire       0%           91%         3
 Portal Projectile        Hex/Tloc       0%           91%         3
 Cause Fear               Hex            0%           100%        4
 Leda's Liquefaction      Hex/Erth       0%           100%        4
 Beastly Appendage        Tmut           Unusable     N/A         1
 Wereblood                Tmut           Unusable     N/A         2
 Spider Form              Tmut/Pois      Unusable     N/A         3
 Ice Form                 Ice/Tmut       Unusable     N/A         4
 Blade Hands              Tmut           Unusable     N/A         5

Dungeon Overview and Level Annotations

Branches:
Dungeon (12/15)            Temple (1/1) D:5
   Lair: D:8-11         Orc: D:9-12

Altars:
Ashenzari
Cheibriados
Dithmenos
Elyvilon
Gozag
Hepliaklqana
Makhleb
Nemelex Xobeh
Okawaru
Qazlal
Ru
Sif Muna
Trog
Vehumet
Wu Jian
Xom
Yredelemnul
Zin
The Shining One
Jiyva
Lugonu

Portals:
Abyss: D:7

Annotations:
D:12 Urug


Innate Abilities, Weirdness & Mutations

You thrive by killing the living.
You are immune to poison.
You have sharp fingernails.
Your flesh is cold resistant. (rC+)
You are immune to negative energy. (rN+++)
You do not regenerate when monsters are visible.
You are immune to unholy pain and torment.
You can survive without breathing.


Message History

You block the bullfrog's attack.
The sky beast flickers out of sight!
Deactivating autopickup; reactivate with Ctrl-A.
Something hits you. Something shocks you.
You block the purple ugly thing's attack.
You completely miss something. You block the bullfrog's attack.
You block something's attack. The purple ugly thing gores you!
* * * LOW HITPOINT WARNING * * *
The bullfrog hits you.
* * * LOW HITPOINT WARNING * * *
You feel better.
Your surroundings suddenly seem different.
Urug the Orcish Ballista comes into view.
She is wielding a +1 broad axe.
Urug shouts!
A jelly comes into view.
The jelly quivers.
Urug throws a javelin.
The javelin pierces through you!
* * * LOW HITPOINT WARNING * * *
Found a javelin.
You feel better.
Urug throws a javelin.
The javelin pierces through you!
You die...

..# ..# #..#
...#
########...#
...........#
#...(...J..#
#......@..#
#..........o.#
#.##########.#


You could see Urug and a jelly.

Vanquished Creatures
  Eustachio (D:5)
  Menkaure (D:5)
  A water moccasin (D:5)
  An orc warrior (D:6)
  A sky beast (D:8)
  A black bear (D:8)
  5 ogres
  2 phantoms
  3 bullfrogs (D:6)
  2 scorpions
  2 howler monkeys
  A centaur zombie (D:7)
  A hound (D:7)
  2 jellies
  2 bullfrog skeletons
  An orc priest (D:4)
  2 centaur skeletons
  2 orc wizards
  Jessica (D:2)
  Natasha (thrice) (D:2)
  An iguana (D:7)
  2 worker ants
  A hound skeleton (D:6)
  Robin (D:2)
  A howler monkey skeleton (D:6)
  2 worker ant zombies
  8 adders
  2 white imps
  7 worms
  4 dart slugs
  5 leopard geckos
  9 orcs
  6 bats
  5 giant cockroaches
  14 goblins
  4 hobgoblins
  10 jackals
  4 frilled lizards
  10 kobolds
  2 quokka skeletons
  A quokka zombie (D:4)
  5 rats
139 creatures vanquished.

Vanquished Creatures (others)
  A lurking horror (D:7)
1 creature vanquished.

Grand Total: 140 creatures vanquished

Notes
Turn   | Place    | Note
-------+----------+-------------------------------------------
     0 | D:1      | Borgoz the Ghoul Gladiator began the quest for the Orb.
     0 | D:1      | Reached XP level 1. HP: 17/17 MP: 0/0
   132 | D:1      | Reached XP level 2. HP: 25/25 MP: 1/1
   717 | D:2      | Reached skill level 1 in Armour
   717 | D:2      | Reached XP level 3. HP: 30/30 MP: 2/2
   925 | D:2      | Noticed Robin
  1198 | D:2      | Killed Robin
  1284 | D:2      | Reached XP level 4. HP: 18/37 MP: 3/3
  1454 | D:2      | Found a radiant altar of Vehumet.
  1509 | D:2      | Found a white marble altar of Elyvilon.
  1542 | D:2      | Noticed Natasha
  1557 | D:2      | Killed Natasha
  2157 | D:2      | Noticed Natasha
  2167 | D:2      | Killed Natasha
  2168 | D:2      | Reached XP level 5. HP: 22/45 MP: 4/4
  2172 | D:2      | Noticed Natasha
  2180 | D:2      | Killed Natasha
  2305 | D:2      | Found a basalt altar of Yredelemnul.
  2425 | D:2      | Noticed Jessica
  2440 | D:2      | Killed Jessica
  3033 | D:3      | Found a shimmering altar of Xom.
  3072 | D:3      | Found a snail-covered altar of Cheibriados.
  3470 | D:4      | Reached XP level 6. HP: 22/52 MP: 5/5
  4232 | D:4      | Reached skill level 5 in Unarmed Combat
  4252 | D:4      | Reached XP level 7. HP: 42/60 MP: 6/6
  5236 | D:5      | Entered Level 5 of the Dungeon
  5236 | D:5      | Found a staircase to the Ecumenical Temple.
  5278 | Temple   | Entered the Ecumenical Temple
  5401 | Temple   | Became a worshipper of Dithmenos the Shadowed
  5440 | D:5      | Noticed Menkaure
  5447 | D:5      | Killed Menkaure
  5555 | D:5      | Found a white marble altar of Elyvilon.
  5579 | D:5      | Reached skill level 5 in Fighting
  5771 | D:5      | Noticed Eustachio
  5780 | D:5      | Killed Eustachio
  5781 | D:5      | Reached XP level 8. HP: 53/68 MP: 7/7
  5987 | D:5      | Reached skill level 5 in Dodging
  6620 | D:6      | Found a basalt altar of Yredelemnul.
  6663 | D:6      | Found a burning altar of Makhleb.
  7760 | D:6      | Found a glowing silver altar of Zin.
  7760 | D:6      | Noticed an Executioner
  7760 | D:6      | Noticed an angel
  7853 | D:6      | Found a glowing golden altar of the Shining One.
  7899 | D:7      | Reached XP level 9. HP: 54/78 MP: 8/8
  8048 | D:7      | Reached skill level 5 in Armour
  8135 | D:7      | Found a bloodstained altar of Trog.
  8395 | D:7      | Found a corrupted altar of Lugonu.
  8401 | D:7      | Found a one-way gate to the infinite horrors of the Abyss.
  8735 | D:8      | Found a broken altar of Ashenzari.
  8736 | D:8      | You fall into a shaft and drop 3 floors!
  8813 | D:11     | Reached * piety under Dithmenos
  8822 | D:12     | Noticed a purple ugly thing
  8828 | D:12     | Noticed Urug
  8829 | D:12     | Hit by a javelin thrown by Urug

Illustrated notes

Levels and vault maps discovered:
D:1:      grunt_arrival_lava_bath, layout_loops_cross, minmay_pentomino_z2
D:2:      layout_rooms, kennysheep_ying_yang, fiery_altar_vehumet,
          chequers_arboretum, uniq_natasha, uniq_jessica, uniq_robin
D:3:      layout_basic, overflow_temple_1_default, kennysheep_slug_shrine
D:4:      layout_cave_pods
D:5:      layout_cave_pools, temple_pool_b, elyvilon_altar_1, uniq_menkaure,
          uniq_eustachio
D:6:      layout_cave_pools, grunt_temple_overflow_order_and_chaos_2,
          marbit_many_paths, yredelemnul_altar_generic
D:7:      layout_rooms, nicolae_overflow_hidden_temple,
          amcnicky_altar_lugonu_corruption
D:8:      layout_basic, general_overflow_altar, ashenzari_conservatory_becter,
          minmay_misc_feat_cross
D:11:     layout_loops_ring, serial_shops, shop, xom_shifter_show, uniq_harold
D:12:     layout_basic, serial_shops, shop, serial_glass, glass_columns_b,
          glass_columns_a, uniq_erolcha, uniq_urug, uniq_azrael
Temple:   pf_slime_end_temple

Skill      XL: |  1  2  3  4  5  6  7  8  9 |
---------------+----------------------------+-----
Armour         | 1 2 3 4 5 |  5.6
Dodging        | 3 4 5 6 |  6.4
Fighting       | 3 4 5 6 7 |  7.3
Unarmed Combat | 4 5 6 7 |  7.7
Throwing       | |  1.7

Action                   |  1- 3 |  4- 6 |  7- 9 || total
-------------------------+-------+-------+-------++-------
Melee: Unarmed           |   124 |   190 |   349 ||   663
       Punch             |     3 |     4 |    14 ||    21
Throw: Throwing net      |       |     3 |     1 ||     4
 Abil: Evoke Flight      |       |       |     1 ||     1
  Use: Scroll            |     5 |     6 |     9 ||    20
       Potion            |     3 |       |     4 ||     7
 Stab: Held in net/web   |       |     1 |       ||     1
       Sleeping          |       |     1 |     1 ||     2
Armor: Leather armour    |    38 |    32 |    50 ||   120
Dodge: Dodged            |    98 |   127 |   197 ||   422
Block: Other             |       |       |    58 ||    58
